 Dungeon Crawl Stone Soup version 0.20.1-1-g8b1a95d (webtiles) character file.

107 fili the Sneak (level 4, -1/19 (21) HPs)
             Began as a Spriggan Enchanter on Aug 25, 2017.
             Slain by a necrophage (5 damage)
             ... on level 3 of the Dungeon.
             The game lasted 00:18:41 (3056 turns).

fili the Sneak (Spriggan Enchanter)                 Turns: 3056, Time: 00:18:42

HP:   -1/19 (21)    AC:  2    Str:  4    XL:     4   Next: 56%
MP:   11/19         EV: 20    Int: 17    God:
Gold: 139           SH:  0    Dex: 16    Spells: 6/9 levels left

rFire    . . .     SeeInvis +   a - +1 dagger
rCold    . . .     Gourm    .   (shield restricted)
rNeg     . . .     Faith    .   b - +0 robe
rPois    .         Spirit   .   (helmet restricted)
rElec    .         Reflect  .   (no cloak)
rCorr    .         Harm     .   (gloves unavailable)
MR       .....                  (boots unavailable)
Stlth    +++.......             (no amulet)
Regen    0.1/turn               m - +2 ring of evasion
MPRegen  0.2/turn               q - ring of magical power

@: about to teleport, very quick
A: unfitting armour, see invisible, herbivore 3, speed 3, slow metabolism 2
a: no special abilities


You were on level 3 of the Dungeon.
You were not hungry.

You visited 1 branch of the dungeon, and saw 3 of its levels.

You collected 139 gold pieces.

Inventory:

Hand Weapons
 a - a +1 dagger (weapon)
Missiles
 v - 7 javelins
Armour
 b - a +0 robe (worn)
Jewellery
 m - a +2 ring of evasion (left hand)
 q - a ring of magical power (right hand)
Scrolls
 f - a scroll of teleportation
 l - 2 scrolls of enchant armour {unknown}
 o - a scroll of recharging {unknown}
 r - 2 scrolls of enchant weapon {unknown}
 t - a scroll of immolation {unknown}
 u - a scroll of blinking {unknown}
Potions
 e - a potion of flight {unknown}
 g - a potion of berserk rage
 h - a potion of ambrosia
 i - a potion of lignification {unknown}
 j - 3 potions of curing {unknown}
 k - a potion of might {unknown}
 n - a potion of brilliance {unknown}
 s - a potion of resistance {unknown}
Books
 c - a book of Maledictions

   Spells                             Type                      Level
   a - Corona                         Hexes                        1
   b - Ensorcelled Hibernation        Hexes/Ice                    2
   c - Confuse                        Hexes                        3
   d - Tukima's Dance                 Hexes                        3
   e - Dazzling Spray                 Conjuration/Hexes            3
Comestibles
 d - a bread ration
 p - a royal jelly


   Skills:
 + Level 2.1 Short Blades
 - Level 3.0 Dodging
 + Level 5.4 Stealth
 + Level 3.4 Spellcasting
 * Level 5.1 Hexes


You had 6 spell levels left.
You knew the following spells:

 Your Spells              Type           Power        Failure   Level  Hunger
a - Corona                Hex            ###....      1%          1    None
b - Ensorcelled Hibernat  Hex/Ice        ##....       9%          2    ##.....


Dungeon Overview and Level Annotations

Branches:
Dungeon (3/15)

Altars:
Dithmenos
Qazlal


Innate Abilities, Weirdness & Mutations

You are very small and have problems with some larger weapons.
You are too small for most types of armour.
You have supernaturally acute eyesight. (SInv)
You are a herbivore.
You cover ground extremely quickly.
You need consume almost no food.


Message History

Aim: a kobold (severely wounded, chance to defeat MR: 60%)
The kobold resists with significant effort.
The kobold hits you.
* * * LOW HITPOINT WARNING * * *
The necrophage barely misses you.
You miss the kobold.
The kobold is severely wounded.
The kobold closely misses you. The necrophage barely misses you.
As you read the scroll of teleportation, it crumbles to dust.
You feel strangely unstable. The kobold barely misses you.
The necrophage hits you.
* * * LOW HITPOINT WARNING * * *
Casting: Ensorcelled Hibernation
Confirm with . or Enter, or press ? or * to list all spells.
Aiming: Corona
Press: ? - help, Shift-Dir - straight line, f/p - kobold
Aim: a kobold (severely wounded, chance to defeat MR: 75%)
The kobold is outlined in light.
The kobold closely misses you. The necrophage hits you.
You die...

#.... #.... #.(..
##### # # #
###############
######
#<...K@n....()#
#...##
#############.#
#...## #.# #...##
#. #.# #...##
#...###.####...##
+.........).....n
#...###.####)..##
#######.####...#
#.........##...#


You could see a necrophage and a kobold.

Vanquished Creatures
  An orc priest (D:3)
  An adder (D:3)
  A shadow imp (D:1)
  2 leopard geckos
  7 orcs (D:3)
  5 bats
  4 giant cockroaches
  4 goblins
  5 hobgoblins
  4 kobolds
  A quokka (D:3)
  A ball python (D:2)
  3 frilled lizards
  15 rats
54 creatures vanquished.

Notes
Turn   | Place    | Note
-------+----------+-------------------------------------------
     0 | D:1      | fili the Spriggan Enchanter began the quest for the Orb.
     0 | D:1      | Reached XP level 1. HP: 9/9 MP: 5/5
   656 | D:1      | Reached XP level 2. HP: 13/13 MP: 6/6
   707 | D:1      | Learned a level 2 spell: Ensorcelled Hibernation
  1623 | D:2      | Reached XP level 3. HP: 16/16 MP: 4/8
  1870 | D:2      | Found a stormy altar of Qazlal.
  2271 | D:3      | Reached skill level 5 in Stealth
  2482 | D:3      | Found a shadowy altar of Dithmenos.
  2794 | D:3      | Reached XP level 4. HP: 15/21 MP: 4/9
  2897 | D:3      | Noticed a necrophage
  2944 | D:3      | Reached skill level 5 in Hexes
  3056 | D:3      | Slain by a necrophage

Skill      XL: |  1  2  3  4 |
---------------+-------------+-----
Hexes          | 4 5 |  5.1
Spellcasting   | 3 |  3.4
Stealth        | 5 |  5.4
Short Blades   | 2 |  2.1
Dodging        | |  3.0

Action                   |  1- 3 |  4- 6 || total
-------------------------+-------+-------++-------
Melee: Dagger            |    92 |    22 ||   114
 Cast: Corona            |     9 |     2 ||    11
       Ensorcelled Hiber |    28 |    10 ||    38
  Use: Scroll            |     4 |     1 ||     5
 Stab: Sleeping          |    34 |     3 ||    37
  Eat: Royal jelly       |       |     1 ||     1
Armor: Robe              |     5 |     2 ||     7
Dodge: Dodged            |    69 |    37 ||   106
